 Dungeon Sprint DCSS version 0.30-a0-672-gc3a7216ad8 (webtiles) character file.

Game seed: 17305658620169017031

138 rocky1 the Cudgeller (level 5, -2/38 HPs)
             Began as a Gargoyle Berserker on Jan 19, 2023.
             Was a Believer of Trog.
             Slain by a neqoxec (9 damage)
             ... in the Dungeon (Sprint II: "The Violet Keep of Menkaure").
             The game lasted 00:00:24 (90 turns).

rocky1 the Cudgeller (Gargoyle Berserker)             Turns: 90, Time: 00:00:25

Health: -2/38      AC:  6    Str: 22    XL:     5   Next: 21%
Magic:  5/5        EV: 12    Int:  8    God:    Trog [**....]
Gold:   0          SH:  0    Dex:  7    Spells: 4/4 levels left

rFire   . . .      SeeInvis .    a - +0 mace
rCold   . . .      Faith    .    (no shield)
rNeg    + . .      Spirit   .    b - +0 animal skin
rPois   ∞          Reflect  .    (no helmet)
rElec   +          Harm     .    (no cloak)
rCorr   .          Rampage  .    (no gloves)
Will    .....      Rage     3%   (no boots)
Stlth   +          NoTele   +    (no amulet)
HPRegen 0.26/turn                (no ring)
MPRegen 0.09/turn                (no ring)

@: on berserk cooldown, slowed, very slow
A: sickness immunity, AC +4, negative energy resistance 1, electricity
resistance, torment resistance 1, petrification resistance, berserk 1, clumsy 1
a: Renounce Religion, Berserk, Trog's Hand


You were in the Dungeon.
You worshipped Trog.
Trog was pleased with you.
You visited 1 branch

Inventory:

Hand Weapons
 a - a +0 mace (weapon)
Armour
 b - a +0 animal skin (worn)
Scrolls
 h - a scroll of blinking
Potions
 c - a potion of curing
 d - a potion of heal wounds
 e - a potion of haste
 f - 2 potions of magic
 g - a potion of berserk rage


   Skills:
 + Level 7.1 Fighting
 + Level 7.4 Maces & Flails
 + Level 3.9 Armour
 + Level 3.1 Dodging


You had 4 spell levels left.
You didn't know any spells.
Your spell library was empty.

Dungeon Overview and Level Annotations

Branches:
Dungeon (1/1)

Altars:


Innate Abilities, Weirdness & Mutations

You are immune to sickness and miasma.
Your stone body is resilient. (AC +4)
You are immune to poison.
You resist negative energy. (rN+)
You are resistant to electric shocks. (rElec)
You are resistant to unholy torment.
You are immune to petrification.
You sometimes lose your temper in combat.
You are clumsy. (Dex -2)


Message History

You are too injured to fight recklessly!
You are too injured to fight recklessly!
You are too injured to fight recklessly!
You are too injured to fight recklessly!
You are too injured to fight recklessly!
You are too injured to fight recklessly!
You are too injured to fight recklessly!
You are too injured to fight recklessly!
You closely miss the neqoxec.
The neqoxec is almost dead.
You thump the neqoxec!
You kill the neqoxec!
Trog accepts your kill. The neqoxec gestures at you.
Something tries to feed on your intellect!
Your Fighting skill gained 3 levels and is now at level 7!
Your Maces & Flails skill gained 3 levels and is now at level 7!
Your Armour skill increases to level 3!
Your Dodging skill gained 2 levels and is now at level 3!
You have reached level 3!
Your experience leads to an increase in your attributes!
Your base attributes are Str 20, Int 7, Dex 9.
Increase (S)trength, (I)ntelligence, or (D)exterity?
You feel stronger. x2
You have reached level 4!
You feel clever.
You have reached level 5!
You barely miss the neqoxec. The neqoxec closely misses you.
You barely miss the neqoxec.
You are no longer berserk.
You are exhausted.
You feel yourself slow down. The neqoxec barely misses you.
You closely miss the neqoxec. The neqoxec hits you!
* * * LOW HITPOINT WARNING * * *
The neqoxec gestures at you.
Something tries to feed on your intellect!
You sock the neqoxec!
The neqoxec is moderately wounded.
The neqoxec hits you!
You die...

# ## #. #+#
#.##
#3##.##†..#
#33@<.†#
#..##.##.#
#. #+# #.#
#


B#B ## .. .. ##. .## ## ## You could see 3 neqoxecs.

Vanquished Creatures
  A neqoxec (D)
  3 worms (D)
4 creatures vanquished.

Vanquished Creatures (others)
  Menkaure (D)
1 creature vanquished.

Grand Total: 5 creatures vanquished

Notes
Turn   | Place    | Note
-------+----------+-------------------------------------------
     0 | D        | rocky1 the Gargoyle Berserker began the quest for the Orb.
     0 | D        | Reached XP level 1. HP: 14/14 MP: 1/1
    11 | D        | Reached XP level 2. HP: 20/20 MP: 2/2
    14 | D        | Reached ** piety under Trog
    39 | D        | Killed Menkaure
    68 | D        | Noticed a boulder beetle
    68 | D        | Noticed a boulder beetle
    72 | D        | Noticed a neqoxec
    72 | D        | Noticed a neqoxec
    72 | D        | Noticed a neqoxec
    72 | D        | Noticed a neqoxec
    77 | D        | Gained mutation: You sometimes lose your temper in combat.
                  | [a neqoxec]
    82 | D        | Gained mutation: You are clumsy. (Dex -2) [a neqoxec]
    86 | D        | Killed a neqoxec
    87 | D        | Reached XP level 3. HP: 18/28 MP: 3/3
    87 | D        | Reached XP level 4. HP: 22/34 MP: 4/4
    87 | D        | Reached XP level 5. HP: 24/38 MP: 5/5
    90 | D        | Slain by a neqoxec

Illustrated notes

Levels and vault maps discovered:
D:        the_violet_keep_of_menkaure [sprint2_stairs_cluster_1,
          sprint2_shoproom, sprint2_temple, sprint2_basic_supplies,
          sprint2_obstacle_7, sprint2_obstacle_1, sprint2_obstacle_6,
          sprint2_obstacle_5, sprint2_obstacle_4, sprint2_timed_cluster_1,
          sprint2_smallroom_cluster_1, sprint2_smallroom_final_cluster_1,
          sprint2_transparent_cluster_1, sprint2_second_timed_cluster_1,
          sprint2_sniper_area_1, sprint2_heavy_combat_area_1,
          sprint2_mutation_trap_area_1, sprint2_forest_area_1,
          sprint2_light_combat_area_1, sprint2_behind_water_1,
          sprint2_near_end_vault_1]

Skill      XL: |  1  2 |
---------------+-------+-----
Fighting       | 4 7 |  7.1
Maces & Flails | 7 |  7.4
Armour         | 3 |  3.9
Dodging        | 3 |  3.1

Action                   |  1- 3 |  4- 6 || total
-------------------------+-------+-------++-------
Melee: Mace              |    22 |     4 ||    26
Invok: Berserk           |     2 |       ||     2
Armor: Animal skin       |     1 |       ||     1
Dodge: Dodged            |     4 |     2 ||     6

Table legend: (Time is in decaauts)
 A = Elapsed time spent in this place.
 B = Non-inter-level travel time spent in this place.
 C = Inter-level travel time spent in this place.
 D = Time resting spent in this place.
 E = Time spent auto-exploring this place.
 F = Levels seen in this place.
 G = Mean time per level.
                   A        B        C        D        E       F      G
               +--------+--------+--------+--------+--------+-----+--------+
         Total |    102 |    102 |      0 |     66 |      0 |   1 |  102.0 |
       Dungeon |    102 |    102 |      0 |     66 |      0 |   1 |  102.0 |
               +--------+--------+--------+--------+--------+-----+--------+

Top non-repeatable levels by time:
       D: 102 daAuts
